 Dungeon Crawl Stone Soup version 0.21.1-1-g345015fe64 (webtiles) character file.

54441 Gargoyl the Cleaver (level 14, -8/119 HPs)
             Began as a Centaur Abyssal Knight on Apr 16, 2018.
             Was a High Priest of Lugonu.
             Mangled by an orc knight
             ... wielding a +0 glaive
              (13 damage)
             ... in a bailey on Apr 17, 2018.
             The game lasted 00:54:13 (32219 turns).

Gargoyl the Cleaver (Centaur Abyssal Knight)       Turns: 32219, Time: 00:54:15

Health: -8/119     AC: 24    Str: 18      XL:     14   Next: 34%
Magic:  23/23      EV: 11    Int:  8 (9)  God:    Lugonu [*****.]
Gold:   698        SH:  6    Dex: 19      Spells: 13/13 levels left

rFire    + . .     SeeInvis +   a - +2 hand axe (venom)
rCold    + . .     Gourm    .   N - +1 buckler {rC+ rF+}
rNeg     . . .     Faith    .   q - +4 plate armour "Fitex" {rElec rPois Int-4 Stlth+}
rPois    +         Spirit   .   R - +2 helmet of Moch {Dex+6}
rElec    +         Reflect  .   k - +0 cloak
rCorr    .         Harm     .   w - +0 pair of gloves {archery}
MR       +....                  (no barding)
Stlth    ..........             (no amulet)
HPRegen  0.29/turn              g - ring of see invisible
MPRegen  0.18/turn              i - +6 ring of evasion

@: very quick
A: large, hooves 3, agile 1, clever 1, deformed body, deterioration 1, speed 2,
tough skin 3, wild magic 1
a: Depart the Abyss, Bend Space, Banish, Corrupt, Enter the Abyss, Renounce
Religion


You were in a bailey.
You worshipped Lugonu.
Lugonu was extremely pleased with you.
You were not hungry.

You visited 2 branches of the dungeon, and saw 18 of its levels.
You visited the Abyss 1 time.
You also visited: Bailey.

You collected 1628 gold pieces.
You spent 930 gold pieces at shops.

Inventory:

Hand Weapons
 a - a +2 hand axe of venom (weapon)
 B - a +1 war axe of chopping
Missiles
 y - 19 tomahawks (quivered)
Armour
 k - a +0 cloak (worn)
 q - the +4 plate armour "Fitex" (worn) {rElec rPois Int-4 Stlth+}
   (You found it in a bailey)

   It affects your intelligence (-4).
   It insulates you from electricity.
   It protects you from poison.
   It makes you more stealthy.
 w - a +0 pair of gloves of archery (worn)
 N - a +1 buckler of resistance (worn)
 R - the +2 helmet of Moch (worn) {Dex+6}
   (You found it in a bailey)

   It affects your dexterity (+6).
Jewellery
 g - a ring of see invisible (left hand)
 i - a +6 ring of evasion (right hand)
 n - an uncursed ring of resist corrosion
 z - an uncursed ring of magical power
 K - an uncursed ring of protection from cold
Wands
 l - a wand of iceblast (8)
 o - a wand of scattershot (7)
 D - a wand of flame (26)
 F - a wand of enslavement (21)
 I - a wand of random effects (23)
 M - a wand of paralysis (10)
 O - a wand of acid (15)
Scrolls
 e - 9 scrolls of teleportation
 f - 7 scrolls of amnesia
 u - 7 scrolls of remove curse
 x - 3 scrolls of fog
 H - 2 scrolls of identify
Potions
 b - a potion of resistance
 m - 2 potions of flight
 r - a potion of brilliance
 s - a potion of lignification
 t - a potion of invisibility
 A - a potion of cancellation
 C - a potion of agility
 G - 2 potions of haste
 J - a potion of curing
Books
 d - a book of Necromancy

   Spells                             Type                      Level
   a - Pain                           Necromancy                   1
   b - Animate Skeleton               Necromancy                   1
   c - Vampiric Draining              Necromancy                   3
   d - Regeneration                   Charms/Necromancy            3
   e - Animate Dead                   Necromancy                   4
   f - Borgnjor's Vile Clutch         Necromancy/Earth             5
 v - a Fen Folio

   Spells                             Type                      Level
   a - Corpse Rot                     Necromancy                   2
   b - Stone Arrow                    Conjuration/Earth            3
   c - Leda's Liquefaction            Hexes/Earth                  4
   d - Summon Forest                  Summoning/Translocation      5
   e - Hydra Form                     Transmutation                6
   f - Summon Hydra                   Summoning                    7
 E - a book of Enchantments

   Spells                             Type                      Level
   a - Cause Fear                     Hexes                        4
   b - Yara's Violent Unravelling     Hexes/Transmutation          5
   c - Silence                        Hexes/Air                    5
   d - Deflect Missiles               Charms/Air                   6
   e - Discord                        Hexes                        8
 L - a book of Cantrips

   Spells                             Type                      Level
   a - Confusing Touch                Hexes                        1
   b - Animate Skeleton               Necromancy                   1
   c - Summon Small Mammal            Summoning                    1
   d - Apportation                    Translocation                1
 P - a book of Misfortune

   Spells                             Type                      Level
   a - Confusing Touch                Hexes                        1
   b - Confuse                        Hexes                        3
   c - Gell's Gravitas                Translocation                3
   d - Petrify                        Transmutation/Earth          4
   e - Metabolic Englaciation         Hexes/Ice                    5
   f - Yara's Violent Unravelling     Hexes/Transmutation          5
 Q - a book of Changes

   Spells                             Type                      Level
   a - Beastly Appendage              Transmutation                1
   b - Sticks to Snakes               Transmutation                2
   c - Spider Form                    Transmutation/Poison         3
   d - Ice Form                       Ice/Transmutation            4
   e - Blade Hands                    Transmutation                5
Miscellaneous
 h - a sack of spiders
Comestibles
 c - 25 rations
 j - 5 chunks of flesh


   Skills:
 + Level 9.6 Fighting
 + Level 12.2 Axes
 + Level 2.0 Throwing
 * Level 11.9 Armour
 + Level 2.4 Dodging
 + Level 3.6 Shields
 * Level 12.0 Invocations
 + Level 0.2 Evocations


You had 13 spell levels left.
You didn't know any spells.

Dungeon Overview and Level Annotations

Branches:
Dungeon (12/15)              Lair (6/6) D:11          Swamp (0/4) Lair:4
 Spider (0/4) Lair:2        Slime (0/5) Lair:6          Orc (0/2) D:9
 Temple: D:4-7

Altars:
Dithmenos
Elyvilon
Fedhas
Gozag
Hepliaklqana
Kikubaaqudgha
Nemelex Xobeh
Qazlal
Ru
Sif Muna
Trog
Uskayaw
Xom
Yredelemnul
The Shining One

Shops:
D:5 [[((:   D:11 [

Annotations:
D:4 supermoro's ghost, amateur MiFi


Innate Abilities, Weirdness & Mutations

You have hooves in place of feet.
Armour fits poorly on your strangely shaped body.
You cover ground very quickly.
You have extremely tough skin. (AC +3)
You are agile. (Dex +2)
Your mind is acute. (Int +2)
Your body sometimes deteriorates upon taking damage.
Your spells are a little harder to cast, but a little more powerful.


Message History

You kick the orc warrior, but do no damage.
The orc warrior is almost dead.
Your plate armour "Fitex" prevents you from hitting the orc warrior.
You hit the orc knight.
The orc knight looks as sick as possible!
The orc warrior hits you with a bardiche!
* * * LOW HITPOINT WARNING * * *
You hit the orc warrior.
The orc warrior looks as sick as possible!
The orc warrior is almost dead.
You hit the orc knight.
The orc knight looks as sick as possible!
You hit the orc warrior but do no damage.
The orc warrior looks as sick as possible!
You kill the orc warrior!
Lugonu accepts your kill.
The orc warrior hits you with a glaive!!
* * * LOW HITPOINT WARNING * * *
The orc knight hits you with a glaive!
You die...

##########..≈≈..###..≈..##.######
#..........≈≈..##.##...##........
#.≈≈≈≈≈≈≈≈≈≈..##.}.#######≈≈≈≈≈≈≈
#.≈.......)).##[....# #####..≈
#.≈.#############'#############)≈
#.≈.##.....##.........##.$$$.##)≈
#.≈..##...'#..≈§≈≈≈≈≈..# ##))≈
#.≈≈..##.##..≈≈))o..≈≈..# ##).≈≈
##.≈≈..#'#..§≈..@o...§§.. #..≈≈.
#∩.≈≈))#'#..≈≈..⌠∩⌠..§≈.. #.)≈≈.
#.≈≈).##)##..≈≈.....≈§..+ ##..≈≈
#.≈..##...##..≈§≈≈≈≈≈..## ##..≈
#.≈)##.....##.........## ##.≈
#.≈.#########'###+#############.≈
#.≈..........##.....##..........≈
#.≈≈≈≈≈≈≈≈≈≈..##.∩.##..≈≈≈≈≈≈≈≈≈≈
#..........≈≈..## ##..≈≈.........


You could see an orc knight and an orc warrior.

Vanquished Creatures
  Josephine (Lair:5)
  An ice dragon (Lair:6)
  A centaur warrior (D:8)
  3 two-headed ogres
  An unseen horror (D:10)
  2 lindwurms (Lair:6)
  A swamp dragon (Lair:6)
  An ugly thing (D:11)
  An oklob plant (D:11)
  A manticore (D:11)
  8 elephants (Lair:6)
  4 black mambas
  5 torpor snails (Lair:6)
  9 spiny frogs
  8 komodo dragons
  3 rime drakes
  3 trolls
  3 polar bears
  4 hornets (Lair:6)
  6 slime creatures (D:11)
  3 tyrant leeches (Lair:6)
  13 blink frogs
  7 hippogriffs
  13 dream sheep
  46 yaks
  A spriggan (D:7)
  A wyvern (D:11)
  5 wraiths
  The ghost of Thargor the Skirmisher, an amateur DsBe of Trog (D:3)
  Eustachio (D:5)
  4 basilisks
  3 steam dragons (Lair:6)
  3 hungry ghosts
  Edmund (D:6)
  12 water moccasins
  An acid dragon (Lair:6)
  2 soldier ants (D:11)
  8 porcupines
  Duvessa (D:5)
  2 swamp drakes (Lair:6)
  2 black bears
  8 orc warriors
  6 sky beasts
  2 ice beasts
  2 necrophages (D:9)
  6 ogres
  An eye of draining (D:8)
  4 phantoms
  15 wolves
  17 crocodiles
  6 centaurs
  An elf zombie (D:9)
  Blork the orc (D:5)
  A big kobold (D:8)
  16 bullfrogs
  Dowan (D:5)
  18 killer bees
  6 scorpions
  4 wights
  7 howler monkeys
  An electric eel (Lair:4)
  3 crimson imps
  A bullfrog zombie (D:6)
  8 orc priests
  4 bullfrog skeletons
  A jelly (D:5)
  4 hounds
  7 iguanas
  8 orc wizards
  2 centaur skeletons
  4 human zombies (D:9)
  9 worker ants
  A hound zombie (D:8)
  2 mummies (D:9)
  3 gnolls (D:3)
  A howler monkey skeleton (D:5)
  15 adders
  5 shadow imps
  2 oozes
  2 adder skeletons
  An adder zombie (D:6)
  4 worms
  4 dart slugs
  8 leopard geckos
  50 orcs
  4 giant cockroaches
  9 goblins
  9 hobgoblins
  10 jackals
  5 quokkas
  11 bats
  8 frilled lizards
  17 kobolds
  3 leopard gecko zombies
  A quokka skeleton (D:6)
  A quokka zombie (D:7)
  7 rats
  3 fungi
  3 plants
559 creatures vanquished.

Vanquished Creatures (collateral kills)
  4 blink frogs (Lair:4)
4 creatures vanquished.

Vanquished Creatures (others)
  A fire dragon (Lair:6)
  The ghost of KingHarkinian the Cleaver, a journeyman MiGl of Okawaru (D:8)
  5 hydras
  2 oklob plants (Lair:2)
  A black mamba (Lair:2)
  2 spiny frogs (Lair:2)
  2 hornets (Lair:6)
  5 dream sheep (D:3)
  A tarantella (Lair:2)
  A porcupine (Lair:2)
  A wight (D:12)
  A shadow imp (D:8)
  A jackal (D:4)
  A rat (D:4)
  A bush (Lair:6)
  15 fungi
  38 plants
79 creatures vanquished.

Grand Total: 642 creatures vanquished

Notes
Turn   | Place    | Note
-------+----------+-------------------------------------------
     0 | Abyss:1  | Gargoyl the Centaur Abyssal Knight began the quest for the Orb.
     0 | Abyss:1  | Reached XP level 1. HP: 19/19 MP: 2/2
    59 | Abyss:1  | Noticed a hungry ghost
   112 | Abyss:1  | Noticed a starcursed mass
   144 | Abyss:2  | Found a corrupted altar of Lugonu.
   208 | D:1      | Escaped the Abyss
   448 | D:1      | Reached * piety under Lugonu
   469 | D:1      | Reached XP level 2. HP: 22/26 MP: 3/3
   970 | D:1      | Reached XP level 3. HP: 30/31 MP: 4/4
  1570 | D:2      | Reached XP level 4. HP: 34/38 MP: 6/6
  1646 | D:2      | Reached ** piety under Lugonu
  2129 | D:3      | Noticed Thargor's ghost (amateur DsBe)
  2423 | D:3      | Noticed a hippogriff
  2435 | D:3      | Killed a hippogriff
  2435 | D:3      | Reached skill level 1 in Dodging
  2435 | D:3      | Reached XP level 5. HP: 26/46 MP: 7/7
  2435 | D:3      | Reached XP level 6. HP: 29/52 MP: 8/8
  2923 | D:3      | Noticed a dream sheep
  2923 | D:3      | Noticed a dream sheep
  2923 | D:3      | Noticed a dream sheep
  2923 | D:3      | Noticed a dream sheep
  2923 | D:3      | Noticed a dream sheep
  2923 | D:3      | Found a shimmering altar of Xom.
  2929 | D:3      | Killed a dream sheep
  2929 | D:3      | Killed a dream sheep
  2929 | D:3      | Killed a dream sheep
  2929 | D:3      | Killed a dream sheep
  2929 | D:3      | Killed a dream sheep
  2974 | D:3      | Killed Thargor's ghost
  3077 | D:3      | Found a transporter.
  3262 | D:3      | Noticed a hippogriff
  3272 | D:3      | Killed a hippogriff
  3272 | D:3      | Reached XP level 7. HP: 18/59 MP: 8/10
  3723 | D:3      | Found a transporter.
  4194 | D:4      | Noticed supermoro's ghost (amateur MiFi)
  4903 | D:5      | Entered Level 5 of the Dungeon
  4903 | D:5      | Found Sisaic's Antique Weapon Shop.
  4909 | D:5      | Reached *** piety under Lugonu
  4922 | D:5      | Reached skill level 5 in Axes
  4922 | D:5      | Reached XP level 8. HP: 46/67 MP: 11/11
  5091 | D:5      | Noticed Duvessa
  5097 | D:5      | Noticed Dowan
  5106 | D:5      | Killed Duvessa
  5110 | D:5      | Killed Dowan
  5534 | D:5      | Found Fetal's Book Shoppe.
  5604 | D:5      | Found Ugeful's Antique Armour Shop.
  5617 | D:5      | Bought a pair of glowing gloves for 202 gold pieces
  5678 | D:5      | Noticed Eustachio
  5694 | D:5      | Killed Eustachio
  5762 | D:5      | Noticed Blork the orc
  5773 | D:5      | Killed Blork the orc
  5773 | D:5      | Reached skill level 5 in Fighting
  5773 | D:5      | Reached skill level 5 in Armour
  5773 | D:5      | Reached skill level 5 in Invocations
  5851 | D:5      | Found Kapezoi's Weapon Shoppe.
  5892 | D:5      | Found Oqathut's Antique Armour Boutique.
  5942 | D:6      | Found an opulent altar of Gozag.
  6009 | D:6      | Noticed Edmund
  6025 | D:6      | Killed Edmund
  6175 | D:6      | Found a basalt altar of Yredelemnul.
  6208 | D:6      | Reached XP level 9. HP: 72/74 MP: 12/12
  6748 | D:6      | Found a stormy altar of Qazlal.
  7751 | D:8      | Found a hazy altar of Hepliaklqana.
  7751 | D:8      | Found a shadowy altar of Dithmenos.
  7787 | D:8      | Reached **** piety under Lugonu
  7794 | D:8      | Noticed a two-headed ogre
  7822 | D:8      | Killed a two-headed ogre
  8162 | D:8      | Reached XP level 10. HP: 75/83 MP: 14/14
  8883 | D:8      | Noticed a centaur warrior
  8898 | D:8      | Killed a centaur warrior
  9281 | D:8      | Found a sparkling altar of Nemelex Xobeh.
  9369 | D:8      | Reached skill level 1 in Shields
  9484 | D:8      | Noticed KingHarkinian's ghost (journeyman MiGl)
  9505 | D:8      | HP: 4/83 [KingHarkinian's ghost (9)]
  9506 | D:8      | Banished KingHarkinian's ghost
 10258 | D:8      | Found a bloodstained altar of Trog.
 10518 | D:8      | Found a sacrificial altar of Ru.
 10521 | D:8      | Found a deep blue altar of Sif Muna.
 10521 | D:8      | Found an opulent altar of Gozag.
 10527 | D:8      | Found a hide-covered altar of Uskayaw.
 10527 | D:8      | Found a white marble altar of Elyvilon.
 10687 | D:9      | Found a blossoming altar of Fedhas.
 11332 | D:9      | Found an ancient bone altar of Kikubaaqudgha.
 11395 | D:9      | Reached XP level 11. HP: 89/89 MP: 16/16
 11782 | D:9      | Found a staircase to the Orcish Mines.
 12164 | D:9      | Reached ***** piety under Lugonu
 12971 | D:10     | Entered Level 10 of the Dungeon
 13292 | D:10     | Noticed an unseen horror
 13294 | D:10     | Found a glowing golden altar of the Shining One.
 13329 | D:10     | Killed an unseen horror
 14556 | D:11     | Found a shadowy altar of Dithmenos.
 14558 | D:11     | Noticed a two-headed ogre
 14877 | D:10     | Killed a two-headed ogre
 15122 | D:10     | Reached skill level 10 in Axes
 15183 | D:11     | Found Ishui's Antique Armour Shop.
 15199 | D:11     | Noticed a two-headed ogre
 15520 | D:10     | Killed a two-headed ogre
 15996 | D:11     | Found a staircase to the Lair.
 16492 | D:11     | Noticed a cyan ugly thing
 16511 | D:11     | Killed a cyan ugly thing
 16511 | D:11     | Reached XP level 12. HP: 42/100 MP: 18/18
 16793 | Lair:1   | Entered Level 1 of the Lair of Beasts
 17274 | Lair:1   | Reached skill level 1 in Throwing
 17323 | Lair:1   | Noticed a six-headed hydra
 17330 | Lair:1   | Banished a six-headed hydra
 18070 | Lair:1   | Reached skill level 10 in Armour
 18366 | Lair:2   | Noticed a six-headed hydra
 18580 | Lair:2   | HP: 4/101 [spiny frog (11)]
 19927 | Lair:2   | Banished a six-headed hydra
 19931 | Lair:2   | Found a hole to the Spider Nest.
 19953 | Lair:2   | HP: 5/101 [black mamba (9)]
 19955 | Lair:2   | HP: 1/101 [tarantella (10)]
 20938 | Lair:2   | Reached skill level 10 in Invocations
 22706 | Lair:4   | Found a staircase to the Swamp.
 23013 | D:5      | Bought a twisted plate armour for 728 gold pieces
 23023 | D:5      | Identified the +7 plate armour of Bylidghug {rPois Str+3 Dex-3} (You bought it in a shop on level 5 of the Dungeon)
 23277 | Lair:4   | Reached XP level 13. HP: 102/107 MP: 20/20
 25356 | Lair:5   | Noticed Josephine
 25591 | Lair:5   | Killed Josephine
 26894 | Lair:6   | Entered Level 6 of the Lair of Beasts
 26985 | Lair:6   | Found a staircase to the Slime Pits.
 27592 | Lair:6   | Gained mutation: You are agile. (Dex +2) [potion of mutation]
 27592 | Lair:6   | Gained mutation: Your body sometimes deteriorates upon taking damage. [potion of mutation]
 27592 | Lair:6   | Gained mutation: Your mind is acute. (Int +2) [potion of mutation]
 27592 | Lair:6   | Gained mutation: Your spells are a little harder to cast, but a little more powerful. [potion of mutation]
 27854 | Lair:6   | Noticed a fire dragon
 27890 | Lair:6   | Banished a fire dragon
 28443 | Lair:6   | Paralysed by a hornet for 3 turns
 28487 | Lair:6   | HP: 5/111 [lindwurm/blast of flame (19)]
 28877 | Lair:6   | Reached XP level 14. HP: 95/118 MP: 22/22
 29951 | Lair:6   | Found a runed door.
 31740 | D:12     | Found a flagged portal.
 31762 | Bailey   | Entered a bailey
 32176 | Bailey   | Got a smelly plate armour
 32179 | Bailey   | Got an ichor-stained helmet
 32191 | Bailey   | Identified the +2 helmet of Moch {Dex+6} (You found it in a bailey)
 32202 | Bailey   | Identified the +4 plate armour "Fitex" {rElec rPois Int-4 Stlth+} (You found it in a bailey)
 32219 | Bailey   | HP: 5/119 [orc warrior/glaive (20)]
 32219 | Bailey   | Mangled by an orc knight

Skill      XL: |  1  2  3  4  5  6  7  8  9 10 11 12 13 14 |
---------------+-------------------------------------------+-----
Axes           | 2 3 4 5 6 8 9 10 11 12 | 12.2
Armour         | 2 3 4 5 6 8 9 10 11 | 11.9
Invocations    | 3 4 5 6 7 8 10 11 12 | 12.0
Dodging        | 1 2 |  2.4
Fighting       | 4 5 6 7 8 9 |  9.6
Shields        | 1 2 3 |  3.6
Throwing       | 1 2 |  2.0
Evocations     | |  0.2

Action                   |  1- 3 |  4- 6 |  7- 9 | 10-12 | 13-15 || total
-------------------------+-------+-------+-------+-------+-------++-------
Melee: Hand axe          |   102 |   148 |   323 |  1089 |   950 ||  2612
       Kick              |     7 |    29 |    87 |   296 |   310 ||   729
Throw: Tomahawk          |       |       |     1 |     8 |    18 ||    27
Invok: Depart the Abyss  |     1 |       |       |       |       ||     1
       Bend Space        |       |       |     5 |     1 |     3 ||     9
       Banish            |       |       |       |    11 |    13 ||    24
Evoke: Wand              |       |       |     5 |     1 |       ||     6
  Use: Scroll            |     5 |     5 |    10 |     7 |     6 ||    33
       Potion            |     1 |     2 |       |    10 |     4 ||    17
 Stab: Invisible         |       |       |       |       |     7 ||     7
  Eat: Chunk             |     1 |     5 |     7 |    28 |    27 ||    68
       Ration            |       |       |     3 |     8 |     1 ||    12
Armor: Ring mail         |    24 |       |       |       |       ||    24
       Chain mail        |    60 |    90 |    73 |       |       ||   223
       Scale mail        |     4 |       |       |       |       ||     4
       Plate armour      |       |       |    81 |   541 |   486 ||  1108
Dodge: Dodged            |    42 |    80 |   141 |   515 |   385 ||  1163
Block: Buckler           |       |       |    13 |   165 |   192 ||   370
